 Dungeon Crawl Stone Soup version 0.26.0-10-g1f06aea511 (webtiles) character file.

Game seed: 5196006612640150899

14224 Majang the Spear-Bearer (level 12, -11/92 HPs)
             Began as a Merfolk Gladiator on Jan 14, 2021.
             Was a High Priest of Makhleb.
             Hit by a large rock thrown by a stone giant (40 damage)
             ... in a volcano.
             The game lasted 01:23:58 (11077 turns).

Majang the Spear-Bearer (Merfolk Gladiator)        Turns: 11077, Time: 01:23:58

Health: -11/92     AC: 14    Str: 19    XL:     12   Next: 14%
Magic:  16/16      EV: 18    Int: 10    God:    Makhleb [*****.]
Gold:   243        SH:  0    Dex: 15    Spells: 11/11 levels left

rFire    + + .     SeeInvis +   a - +4 glaive
rCold    x . .     Faith    .   (shield currently unavailable)
rNeg     . . .     Spirit   .   C - +3 salamander hide armour {Flames rF++ rC--}
rPois    +         Reflect  .   L - +3 crown of Dyrovepreva {rElec Int+2 SInv}
rElec    +         Harm     .   (no cloak)
rCorr    .         Rampage  .   R - +0 pair of gloves
Will     .....                  Q - +2 pair of boots {Stlth+}
Stlth    +++++.....             k - amulet of regeneration
HPRegen  0.65/turn              j - ring of poison resistance
MPRegen  0.15/turn              E - ring of protection from cold

@: no status effects
A: change form in water, swift swim, stealthy swim
a: Renounce Religion, Minor Destruction, Lesser Servant of Makhleb, Major
Destruction, Greater Servant of Makhleb


You were in a volcano.
You worshipped Makhleb.
Makhleb was extremely pleased with you.
You visited 3 branches of the dungeon, and saw 13 of its levels.
You also visited: Sewer and Volcano.

You collected 888 gold pieces.
You spent 645 gold pieces at shops.

Inventory:

Hand Weapons
 a - a +4 glaive (weapon)
 c - a +3 trident
 v - the cursed +1 falchion of Fragile Peace {flame, Int+3 Stlth+}
   (You found it in a sewer)

   It has been specially enchanted to burn those struck by it, causing extra
   injury to most foes and up to half again as much damage against particularly
   susceptible opponents.
   Big, fiery blades are also staple armaments of hydra-hunters.
   It affects your intelligence (+3).
   It makes you more stealthy.
   It has a curse placed upon it.
 I - a +0 halberd
 K - a +2 scythe of freezing
Missiles
 d - 6 throwing nets
 q - 21 boomerangs (quivered)
 N - 13 javelins
Armour
 l - a cursed +0 leather armour
 r - a +1 ring mail of fire resistance
 C - the +3 salamander hide armour (worn) {Flames rF++ rC--}
   (You bought it in a shop on level 7 of the Dungeon)

   It greatly protects you from fire.
   It makes you very vulnerable to cold.
 D - a +1 chain mail of poison resistance
 L - the +3 crown of Dyrovepreva (worn) {rElec Int+2 SInv}
   (You found it on level 7 of the Dungeon)

   It affects your intelligence (+2).
   It insulates you from electricity.
   It lets you see invisible.
 Q - a +2 pair of boots of stealth (worn)
 R - a +0 pair of gloves (worn)
Jewellery
 j - a ring of poison resistance (left hand)
 k - an amulet of regeneration (around neck)
 A - an uncursed ring of see invisible
 E - a ring of protection from cold (right hand)
 G - an uncursed amulet of magic regeneration
Wands
 t - a wand of disintegration (16)
 z - a wand of acid (13)
 J - a wand of polymorph (11)
 M - a wand of flame (10)
Scrolls
 f - 2 scrolls of magic mapping
 h - 2 scrolls of amnesia
 n - 2 scrolls of fog
 s - 5 scrolls of remove curse
 x - a scroll of blinking
 y - 2 scrolls of silence
 B - 3 scrolls of teleportation
 F - 2 scrolls of identify
Potions
 b - 2 potions of lignification {unknown}
 g - 6 potions of mutation
 i - 3 potions of flight {unknown}
 m - a potion of attraction {unknown}
 o - 10 potions of curing
 p - 2 potions of haste {unknown}
 u - a potion of invisibility {unknown}
 w - a potion of might {unknown}
 H - a potion of brilliance {unknown}
 O - 4 potions of degeneration {unknown}
 P - 2 potions of resistance {unknown}


   Skills:
 + Level 7.7 Fighting
 * Level 13.8 Polearms
 - Level 5.1 Throwing
 + Level 5.0 Armour
 + Level 9.8 Dodging
 + Level 8.0 Stealth
 + Level 6.5 Invocations
 + Level 6.2 Evocations


You had 11 spell levels left.
You didn't know any spells.
Your spell library contained the following spells:

 Spells                   Type           Power        Failure   Level
 Beastly Appendage        Tmut           0%           41%         1
 Corona                   Hex            0%           41%         1
 Magic Dart               Conj           0%           41%         1
 Ensorcelled Hibernation  Hex/Ice        0%           54%         2
 Searing Ray              Conj           0%           54%         2
 Wereblood                Tmut           0%           54%         2
 Confusing Touch          Hex            0%           78%         3
 Dazzling Flash           Conj/Hex       0%           78%         3
 Spider Form              Tmut/Pois      0%           78%         3
 Tukima's Dance           Hex            0%           78%         3
 Fulminant Prism          Conj/Hex       0%           99%         4
 Ice Form                 Ice/Tmut       0%           99%         4
 Iskenderun's Mystic Bla  Conj/Tloc      0%           99%         4
 Blade Hands              Tmut           0%           100%        5


Dungeon Overview and Level Annotations

Branches:
Dungeon (11/15)            Temple (1/1) D:4            Lair (1/6) D:10
  Sewer (visited)         Volcano (1/1)
    Orc: D:9-12

Altars:
Ashenzari
Cheibriados
Dithmenos
Elyvilon
Fedhas
Gozag
Hepliaklqana
Kikubaaqudgha
Makhleb
Nemelex Xobeh
Okawaru
Qazlal
Ru
Sif Muna
Trog
Uskayaw
Vehumet
Wu Jian
Xom
Yredelemnul
Zin
The Shining One

Shops:
D:7 [   D:9 [   D:10 ?


Message History

The fire elemental barely misses you.
You slash the fire elemental!
The fire elemental is moderately damaged.
The fire elemental hits you. The fire elemental burns you! You resist.
The fire elemental closely misses you.
You hit the fire elemental.
The fire elemental is heavily damaged.
The fire elemental hits you. The fire elemental burns you! You resist.
You hit the fire elemental.
The fire elemental is heavily damaged.
The fire elemental hits you. The fire elemental burns you! You resist.
* * * LOW HITPOINT WARNING * * *
You slash the fire elemental!
The fire elemental is almost destroyed.
The fire elemental closely misses you.
You slash the fire elemental!
You destroy the fire elemental!
Makhleb accepts your kill.
The stone giant throws a large rock.
The large rock hits you!!!
You die...

#....≈§≈≈≈≈≈≈§§≈≈§§.#
###..≈≈≈≈≈§≈§§≈§§§.##
##..≈≈§≈≈§≈≈≈....#
##...≈≈≈≈≈......#
#...§≈§≈......##
##..§≈≈..##...#
##.§...###8.8#
##...## ##°## ##..#
#@# ########○########
##....##C9.##....##
#......'.∩.'......#
#.8..⌠.#...#.⌠..8.#
#......##)##......#
##....##.).##....##
###8###...###8###
#)![+._.#)![#


You could see a stone giant and a gargoyle (corroded).

Vanquished Creatures
  Harold (D:11)
  3 two-headed ogres
  Urug (D:11)
  An unseen horror (D:11)
  A molten gargoyle (Volcano)
  A cane toad (Lair:1)
  An efreet (Volcano)
  A troll (D:11)
  Sigmund (D:6)
  3 wraiths (D:11)
  6 yaks (D:11)
  A wyvern (Lair:1)
  4 hogs (D:9)
  5 fire bats (Volcano)
  A human (D:9)
  A fire elemental (Volcano)
  2 wargs (D:10)
  2 water moccasins (Lair:1)
  3 orc warriors
  3 sky beasts
  3 ice beasts
  A black bear (D:9)
  A phantom (D:4)
  4 ogres
  An eye of draining (D:9)
  3 wolves (Lair:1)
  5 centaurs
  3 big kobolds
  4 bullfrogs
  2 earth elementals (Volcano)
  A gnoll sergeant (D:10)
  A wyvern skeleton (D:11)
  2 scorpions
  9 killer bees
  8 wights (D:11)
  3 howler monkeys (D:7)
  3 centaur zombies
  3 lava snakes (Volcano)
  A quasit (D:7)
  2 bullfrog skeletons
  2 bullfrog zombies
  10 hounds
  2 jellies
  A centaur skeleton (D:8)
  10 orc priests
  An iguana (D:11)
  8 orc wizards
  7 worker ants
  A howler monkey zombie (D:8)
  A worker ant zombie (D:11)
  5 adders
  7 gnolls
  A howler monkey skeleton (D:9)
  2 shadow imps
  5 white imps
  3 ufetubi
  3 oozes
  An adder zombie (D:9)
  An adder skeleton (D:10)
  6 worms
  A dart slug (D:2)
  5 leopard geckos
  54 orcs
  5 ball pythons
  8 bats
  4 giant cockroaches
  7 hobgoblins
  14 jackals
  4 quokkas
  6 frilled lizards
  5 goblins
  30 kobolds
  A leopard gecko skeleton (D:7)
  8 rats
331 creatures vanquished.

Vanquished Creatures (collateral kills)
  A troll (D:11)
  A bullfrog (D:11)
  A killer bee (D:11)
3 creatures vanquished.

Vanquished Creatures (others)
  6 plants
6 creatures vanquished.

Grand Total: 340 creatures vanquished

Notes
Turn   | Place    | Note
-------+----------+-------------------------------------------
     0 | D:1      | Majang the Merfolk Gladiator began the quest for the Orb.
     0 | D:1      | Reached XP level 1. HP: 16/16 MP: 1/1
   126 | D:1      | You fall into a shaft and drop 1 floor!
   184 | D:1      | Reached XP level 2. HP: 22/22 MP: 2/2
   464 | D:1      | Reached XP level 3. HP: 24/28 MP: 3/3
   514 | D:1      | Reached skill level 1 in Stealth
   525 | D:1      | Reached skill level 5 in Polearms
  1999 | D:3      | Reached XP level 4. HP: 34/34 MP: 4/4
  2092 | D:3      | Reached skill level 1 in Armour
  2237 | D:3      | You fall into a shaft and drop 3 floors!
  2306 | D:6      | Reached XP level 5. HP: 41/41 MP: 5/5
  2310 | D:6      | Noticed an ogre
  2321 | D:6      | Reached skill level 6 in Polearms
  2329 | D:6      | Killed an ogre
  2330 | D:6      | Reached skill level 5 in Dodging
  2330 | D:6      | Reached XP level 6. HP: 39/47 MP: 6/6
  2352 | D:6      | Found a glowing drain.
  2364 | Sewer    | Entered a sewer
  2525 | Sewer    | Reached XP level 7. HP: 52/52 MP: 7/7
  2668 | Sewer    | Got a pitted falchion
  2824 | D:5      | Entered Level 5 of the Dungeon
  2835 | D:5      | Reached skill level 7 in Polearms
  2870 | D:5      | Found a broken altar of Ashenzari.
  2886 | D:5      | Found a glowing silver altar of Zin.
  2886 | D:5      | Found a radiant altar of Vehumet.
  3097 | D:4      | Found an ancient bone altar of Kikubaaqudgha.
  3223 | D:4      | Found a staircase to the Ecumenical Temple.
  3266 | Temple   | Entered the Ecumenical Temple
  3381 | Temple   | Became a worshipper of Makhleb the Destroyer
  3484 | D:4      | Reached skill level 1 in Evocations
  4067 | D:4      | Found a sparkling altar of Nemelex Xobeh.
  4314 | D:5      | Reached XP level 8. HP: 56/60 MP: 8/8
  4486 | D:5      | Reached * piety under Makhleb
  4487 | D:5      | Reached skill level 8 in Polearms
  4487 | D:5      | Reached skill level 1 in Invocations
  5002 | D:6      | You fall into a shaft and drop 2 floors!
  5003 | D:8      | Noticed a two-headed ogre
  5054 | D:7      | Found the +3 crown of Dyrovepreva {rElec Int+2 SInv}
  5766 | D:6      | Noticed Sigmund
  5782 | D:6      | Killed Sigmund
  5783 | D:6      | Reached skill level 9 in Polearms
  5998 | D:7      | You fall into a shaft and drop 2 floors!
  6038 | D:9      | Reached XP level 9. HP: 67/67 MP: 10/10
  6182 | D:7      | Reached skill level 5 in Fighting
  6308 | D:7      | Reached ** piety under Makhleb
  6505 | D:7      | Found an opulent altar of Gozag.
  6638 | D:7      | Found Ekuhah's Armour Emporium.
  6688 | D:7      | Reached skill level 5 in Stealth
  6693 | D:7      | Reached skill level 10 in Polearms
  6804 | D:7      | Found an ornate altar of the Wu Jian Council.
  6808 | D:7      | Found a shimmering altar of Xom.
  6837 | D:7      | Found a bloodstained altar of Trog.
  7191 | D:8      | Killed a two-headed ogre
  7192 | D:8      | Reached skill level 5 in Throwing
  7192 | D:8      | Reached XP level 10. HP: 45/76 MP: 12/12
  8190 | D:9      | Reached skill level 11 in Polearms
  8289 | D:9      | Reached *** piety under Makhleb
  8291 | D:9      | Noticed a two-headed ogre
  8300 | D:9      | Killed a two-headed ogre
  8328 | D:9      | Found Sewk's Armour Emporium.
  8336 | D:9      | Bought a +1 pair of boots of stealth for 231 gold pieces
  8400 | D:10     | Entered Level 10 of the Dungeon
  8667 | D:10     | Found Jaisash's Magic Scroll Shoppe.
  8710 | D:10     | Found a blossoming altar of Fedhas.
  8830 | D:10     | Found a staircase to the Lair.
  8868 | D:10     | Reached skill level 5 in Invocations
  8920 | D:10     | Reached skill level 12 in Polearms
  9008 | D:10     | Reached XP level 11. HP: 83/83 MP: 14/14
  9090 | D:11     | Noticed an unseen horror
  9108 | D:11     | Killed an unseen horror
  9109 | D:11     | Reached skill level 5 in Evocations
  9136 | D:11     | Noticed Harold
  9156 | D:11     | Killed Harold
  9375 | D:11     | Reached **** piety under Makhleb
  9484 | D:11     | Noticed Urug
  9503 | D:11     | Killed Urug
  9584 | D:11     | Identified the cursed +1 falchion of Fragile Peace {flame,
                  | Int+3 Stlth+} (You found it in a sewer)
  9968 | D:11     | Reached skill level 13 in Polearms
 10070 | D:11     | Noticed a two-headed ogre
 10078 | D:11     | Killed a two-headed ogre
 10569 | Lair:1   | Entered Level 1 of the Lair of Beasts
 10639 | D:7      | Bought the +3 salamander hide armour {Flames rF++ rC--} for
                  | 414 gold pieces
 10639 | D:7      | Found the +3 salamander hide armour {Flames rF++ rC--}
 10785 | Lair:1   | Reached ***** piety under Makhleb
 10842 | Lair:1   | Found a dark tunnel.
 10842 | Lair:1   | Noticed a lindwurm
 10851 | Volcano  | Entered a volcano
 10928 | Volcano  | Reached XP level 12. HP: 91/91 MP: 16/16
 10964 | Volcano  | Reached skill level 5 in Armour
 10990 | Volcano  | Noticed a stone giant
 11045 | Volcano  | Found a burning altar of Makhleb.
 11077 | Volcano  | Hit by a large rock thrown by a stone giant

Illustrated notes

Levels and vault maps discovered:
D:1:      dpeg_arrival_concentric_ovals, layout_basic, minmay_liquid_box,
          minmay_misc_feat_alley
D:2:      layout_basic
D:3:      layout_basic
D:4:      layout_basic, overflow_temple_1_default,
          nicolae_overflow_hidden_temple, minmay_temple_entry_trees
D:5:      layout_gridville, grunt_temple_overflow_open
D:6:      layout_basic, cheibrodos_sewer_entry_bend, fountainhead, uniq_sigmund
D:7:      layout_basic, nicolae_overflow_quartered_altars, serial_shops, shop,
          serial_corexii_hall, corexii_hall_statues_l, corexii_hall_statues_i,
          nicolae_underground_beach
D:8:      layout_cave_pools, sigmund_army
D:9:      layout_rooms, serial_shops,
          nicolae_shop_temple_entry_statues_fountains, grunt_livestock
D:10:     layout_cave_pools, erik_lair_orcish_takeover, serial_shops,
          shop_coins, minmay_misc_feat_more_columns, fedhas_altar_fruit_tree
D:11:     layout_stronghold, gauntlet_entry_generic, uniq_urug, uniq_harold
Temple:   oiseaux_autumnal_temple
Lair:1:   layout_gridlike, nicolae_volcano_entry_vermiform, grunt_megastairs_3
Volcano:  volcano_grotto [vgs_many_chambers]

Skill      XL: |  1  2  3  4  5  6  7  8  9 10 11 12 |
---------------+-------------------------------------+-----
Stealth        | 1 2 3 4 5 6 7 8 |  8.0
Polearms       | 5 6 7 9 10 12 13 | 13.8
Armour         | 1 2 3 4 5 |  5.0
Fighting       | 3 4 5 6 7 |  7.7
Dodging        | 5 6 7 8 9 |  9.8
Throwing       | 3 4 5 |  5.1
Evocations     | 1 2 3 4 6 |  6.2
Invocations    | 2 3 5 6 |  6.5

Action                   |  1- 3 |  4- 6 |  7- 9 | 10-12 || total
-------------------------+-------+-------+-------+-------++-------
Melee: Trident           |   133 |   171 |   590 |   401 ||  1295
       Tailslap          |     1 |     5 |     1 |       ||     7
       Glaive            |       |       |       |   199 ||   199
Throw: Boomerang         |       |       |       |     3 ||     3
Invok: Minor Destruction |       |       |       |    19 ||    19
       Lesser Servant of |       |       |       |     1 ||     1
Evoke: Wand              |       |       |     7 |    12 ||    19
  Use: Scroll            |       |     4 |       |    14 ||    18
       Potion            |       |     1 |     6 |     1 ||     8
 Stab: Sleeping          |     1 |       |    16 |    15 ||    32
       Distracted        |       |       |       |     3 ||     3
Armor: Leather armour    |     7 |       |       |    25 ||    32
       Ring mail         |     7 |    50 |   122 |   127 ||   306
Dodge: Dodged            |    58 |   121 |   356 |   379 ||   914
